 Dungeon Crawl Stone Soup version 0.27.0-1-g7a089689b8 (webtiles) character file.

Game seed: 6416444352762606419

77 hawla the Grave Robber (level 4, -2/25 HPs)
             Began as a Deep Elf Necromancer on Aug 10, 2021.
             Slain by a quokka (3 damage)
             ... on level 3 of the Dungeon.
             The game lasted 00:05:48 (3061 turns).

hawla the Grave Robber (Deep Elf Necromancer)       Turns: 3061, Time: 00:05:48

Health: -2/25      AC:  3    Str:  5    XL:     4   Next: 14%
Magic:  0/12       EV: 13    Int: 21    God:
Gold:   127        SH:  0    Dex: 15    Spells: 3/11 levels left

rFire    . . .     SeeInvis .   e - +0 dagger
rCold    . . .     Faith    .   (no shield)
rNeg     . . .     Spirit   .   a - +1 robe
rPois    .         Reflect  .   (no helmet)
rElec    .         Harm     .   (no cloak)
rCorr    .         Rampage  .   (no gloves)
Will     .....                  (no boots)
Stlth    ++........             (no amulet)
HPRegen  0.08/turn              (no ring)
MPRegen  0.13/turn              (no ring)

@: no status effects
A: no striking features
a: no special abilities


You were on level 3 of the Dungeon.
You visited 1 branch of the dungeon, and saw 3 of its levels.

You collected 127 gold pieces.

Inventory:

Hand Weapons
 e - a +0 dagger (weapon)
Missiles
 i - 22 poisoned darts (quivered)
Armour
 a - a +1 robe (worn)
Potions
 b - a potion of attraction
 c - a potion of curing


   Skills:
 - Level 1.0 Fighting
 - Level 3.0 Dodging
 - Level 3.0 Stealth
 - Level 4.0 Spellcasting
 + Level 5.6 Necromancy


You had 3 spell levels left.
You knew the following spells:

 Your Spells              Type           Power      Damage    Failure   Level
a - Pain                  Necr           100%       1d9       1%          1
b - Vampiric Draining     Necr           14%        2d8       3%          3
c - Animate Dead          Necr           14%        N/A       12%         4

Your spell library contained the following spells:

 Spells                   Type           Power      Damage    Failure   Level
 Animate Skeleton         Necr           56%        N/A       1%          1
 Call Canine Familiar     Summ           4%         N/A       34%         3
 Portal Projectile        Hex/Tloc       8%         N/A       34%         3
 Agony                    Necr           28%        N/A       32%         5
 Leda's Liquefaction      Hex/Erth       2%         N/A       75%         4


Dungeon Overview and Level Annotations

Branches:
Dungeon (3/15)

Altars:


Message History

You are very lightly contaminated with residual magic.
It was a potion of cancellation.
Your magical effects are unravelling.
You feel magically purged.
Your magical contamination has completely faded away.
You flicker back into view.
The quokka barely misses you.
You aren't carrying any scrolls.
Throw: 25 darts (poison)
Press: ? - help, Q - select action, (/) - cycle Shift-Dir - straight line, f/p - worm
Aim: a worm (moderately wounded, 77% to hit)
You throw a poisoned dart.
The poisoned dart barely misses the worm.
The quokka bites you but does no damage.
The worm closely misses you.
Throw: 24 darts (poison)
Press: ? - help, Q - select action, (/) - cycle Shift-Dir - straight line, f/p - worm
Aim: a worm (moderately wounded, 77% to hit)
You throw a poisoned dart. The poisoned dart hits the worm.
The worm is poisoned.
The worm is moderately wounded.
The quokka barely misses you.
Throw: 23 darts (poison)
Press: ? - help, Q - select action, (/) - cycle Shift-Dir - straight line, f - quokka, p - worm
Aim: a quokka (46% to hit)
You throw a poisoned dart. The poisoned dart hits the quokka.
The quokka closely misses you. The worm closely misses you.
The quokka bites you.
* * * LOW HITPOINT WARNING * * *
Casting: Pain (safe; 1% risk of failure)
Confirm with . or Enter, or press ? or * to list all spells.
Aiming: Pain (safe; 1% risk of failure)
Press: ? - help, Shift-Dir - straight line, f/p - quokka
Aim: a quokka (chance to affect: 93%)
The quokka writhes in agony.
The quokka closely misses you. The worm completely misses you.
You hit the quokka.
The quokka is moderately wounded.
The quokka bites you.
You die...

#.....#
#.....##.....#
#......#.....# ###
#......#(....##....
..... #...........
.... #...........
#.. ###.......##
#r# #####.#######
#@# #.†...#
#w###.##### #(..w.#
#######


You could see a worm (poisoned) and a quokka.

Vanquished Creatures
  3 adders
  A worm (D:2)
  3 dart slugs
  6 ball pythons
  6 bats
  4 endoplasms (D:1)
  3 goblins
  5 hobgoblins
  4 kobolds
  A quokka (D:1)
  A frilled lizard (D:3)
  4 rats
41 creatures vanquished.

Notes
Turn   | Place    | Note
-------+----------+-------------------------------------------
     0 | D:1      | hawla the Deep Elf Necromancer began the quest for the Orb.
     0 | D:1      | Reached XP level 1. HP: 10/10 MP: 6/6
   309 | D:1      | Reached skill level 5 in Necromancy
   334 | D:1      | Reached XP level 2. HP: 4/15 MP: 0/8
  1411 | D:1      | Reached XP level 3. HP: 19/20 MP: 7/9
  1415 | D:1      | Learned a level 3 spell: Vampiric Draining
  1700 | D:2      | Found a faded altar of an unknown god.
  2127 | D:2      | Reached skill level 1 in Fighting
  3022 | D:3      | Reached XP level 4. HP: 20/25 MP: 3/12
  3030 | D:3      | Learned a level 4 spell: Animate Dead
  3061 | D:3      | Slain by a quokka

Illustrated notes

Levels and vault maps discovered:
D:1:      roderic_dead_forest, layout_loops_ring
D:2:      layout_loops_corners, shapermc_ecumenical_altar_mp_ritualfount,
          chequers_hall_statues_y
D:3:      layout_basic, yredelemnul_forgotten_temple_becter

Skill      XL: |  1  2  3 |
---------------+----------+-----
Necromancy     | 5 |  5.6
Stealth        | 3 |  3.0
Dodging        | 3 |  3.0
Fighting       | 1 |  1.0
Spellcasting   | 4 |  4.0

Action                   |  1- 3 |  4- 6 || total
-------------------------+-------+-------++-------
Melee: Unarmed           |     1 |       ||     1
       Dagger            |       |     5 ||     5
Throw: Dart              |       |     3 ||     3
 Cast: Pain              |    69 |     8 ||    77
       Vampiric Draining |     2 |       ||     2
  Use: Scroll            |     4 |     1 ||     5
       Potion            |       |     3 ||     3
Armor: Robe              |     4 |    12 ||    16
Dodge: Dodged            |    16 |    26 ||    42
